 Dungeon Crawl Stone Soup version 0.28.0-43-g3370ac3207 (webtiles) character file.

Game seed: 13306463480176094282

3555 Ablot the Magician (level 10, -13/77 HPs)
             Began as a Gnoll Warper on Mar 6, 2022.
             Was a Believer of the Shining One.
             Killed from afar by Erica (26 damage)
             ... with a lance of force
             ... on level 7 of the Dungeon.
             The game lasted 00:17:37 (11115 turns).

Ablot the Magician (Gnoll Warper)                  Turns: 11115, Time: 00:17:38

Health: -13/77     AC:  7    Str: 15    XL:     10   Next: 9%
Magic:  17/20      EV: 13    Int: 19    God:    the Shining One [**....]
Gold:   337        SH:  5    Dex: 11    Spells: 18/23 levels left

rFire   + . .      SeeInvis .   d - +2 dagger (venom)
rCold   + . .      Faith    .   O - +0 buckler
rNeg    + . .      Spirit   .   b - +0 leather armour
rPois   +          Reflect  .   v - +0 helmet
rElec   .          Harm     .   m - scarf {rC+ rF+}
rCorr   .          Rampage  .   Q - +0 pair of gloves
Will    .....                   D - +0 pair of boots
Stlth   +.........              (no amulet)
HPRegen 0.22/turn               C - +6 ring of intelligence
MPRegen 0.17/turn               G - ring of poison resistance

@: very slightly contaminated, slowed, glowing, very slow
A: fangs 1, strong nose, distributed training
a: Renounce Religion, Divine Shield


You were on level 7 of the Dungeon.
You worshipped the Shining One.
The Shining One was pleased with you.
You visited 2 branches of the dungeon, and saw 9 of its levels.

You collected 370 gold pieces.
You spent 33 gold pieces at shops.

Inventory:

Hand Weapons
 a - a +0 trident
 d - a +2 dagger of venom (weapon)
 e - a +1 dagger of electrocution
 w - a +0 hunting sling
Missiles
 h - 234 stones
 n - 5 boomerangs of dispersal
 o - 5 silver javelins
 x - 6 boomerangs
 y - 93 arrows
 A - 73 bolts
 F - 14 sling bullets
 K - 7 poisoned darts (quivered)
 P - a throwing net
Armour
 b - a +0 leather armour (worn)
 m - a scarf of resistance (worn)
 v - a +0 helmet (worn)
 D - a +0 pair of boots (worn)
 O - a +0 buckler (worn)
 Q - a +0 pair of gloves (worn)
Magical Staves
 H - a staff of fire
Jewellery
 C - a +6 ring of intelligence (left hand)
 G - a ring of poison resistance (right hand)
 I - a ring of resist corrosion
Scrolls
 c - 2 scrolls of blinking
 f - 2 scrolls of amnesia {unknown}
 j - 5 scrolls of identify {unknown}
 k - 2 scrolls of vulnerability {unknown}
 q - 3 scrolls of noise {unknown}
 r - 2 scrolls of enchant weapon {unknown}
 s - 4 scrolls of teleportation {unknown}
 B - a scroll of acquirement {unknown}
 E - a scroll of immolation {unknown}
 L - 2 scrolls of fear {unknown}
 N - 4 scrolls of fog {unknown}
 R - a scroll of enchant armour {unknown}
Potions
 g - a potion of curing
 i - 2 potions of brilliance {unknown}
 l - 2 potions of lignification {unknown}
 p - 3 potions of attraction {unknown}
 t - a potion of degeneration {unknown}
 u - a potion of ambrosia {unknown}
 z - 3 potions of heal wounds {unknown}
 J - a potion of magic {unknown}
 M - 2 potions of mutation {unknown}


   Skills:
 + Level 6.8 Fighting
 + Level 4.9 Short Blades
 + Level 4.9 Long Blades
 + Level 4.9 Axes
 + Level 4.9 Maces & Flails
 + Level 6.8 Polearms
 + Level 4.9 Staves
 + Level 4.9 Slings
 + Level 4.9 Bows
 + Level 4.9 Crossbows
 + Level 5.6 Throwing
 + Level 5.6 Armour
 + Level 6.8 Dodging
 + Level 4.9 Stealth
 + Level 4.9 Shields
 + Level 4.9 Unarmed Combat
 + Level 7.1 Spellcasting
 + Level 4.1 Conjurations
 + Level 4.1 Hexes
 + Level 4.1 Summonings
 + Level 4.1 Necromancy
 + Level 6.9 Translocations
 + Level 4.1 Transmutations
 + Level 4.1 Fire Magic
 + Level 4.1 Ice Magic
 + Level 4.1 Air Magic
 + Level 4.1 Earth Magic
 + Level 4.1 Poison Magic
 + Level 5.4 Invocations
 + Level 4.9 Evocations


You had 18 spell levels left.
You knew the following spells:

 Your Spells              Type           Power      Damage    Failure   Level
a - Blink                 Tloc           66%        N/A       1%          2
b - Animate Skeleton      Necr           44%        N/A       3%          1
c - Wereblood             Tmut           22%        N/A       4%          2

Your spell library contained the following spells:

 Spells                   Type           Power      Damage    Failure   Level
 Apportation              Tloc           66%        N/A       1%          1
 Gell's Gravitas          Tloc           33%        N/A       2%          3
 Lesser Beckoning         Tloc           33%        N/A       2%          3
 Teleport Other           Tloc           33%        N/A       2%          3
 Beastly Appendage        Tmut           44%        N/A       3%          1
 Summon Small Mammal      Summ           88%        N/A       3%          1
 Spider Form              Tmut/Pois      22%        N/A       9%          3
 Manifold Assault         Tloc           33%        N/A       26%         5


Dungeon Overview and Level Annotations

Branches:
Dungeon (8/15)             Temple (1/1) D:7
   Lair: D:8-11

Altars:
Elyvilon
Fedhas
Gozag
Kikubaaqudgha
Makhleb
Nemelex Xobeh
Okawaru
Ru
Sif Muna
Trog
Uskayaw
Vehumet
Wu Jian
Xom
Yredelemnul
Zin
The Shining One

Shops:
D:3 [   D:6 *

Annotations:
D:7 Erica


Innate Abilities, Weirdness & Mutations

You have very sharp teeth.
Your uncanny sense of smell can sniff out nearby items.
Your experience applies equally to all skills.


Message History

You are lethally poisoned!
You resist.
* * * LOW HITPOINT WARNING * * *
Unknown command.
* * * LOW HITPOINT WARNING * * *
You feel very sick. The gnoll hits you with a +0 whip.
* * * LOW HITPOINT WARNING * * *
Erica points at you and mumbles some strange words.
You feel yourself slow down.
Unknown command.
You feel better. The gnoll closely misses you. Erica barely misses you.
You block the gnoll's attack.
Unknown command.
You hit Erica.
Erica is severely wounded.
Erica casts a spell at you. You resist with significant effort.
The gnoll closely misses you. Erica hits you but does no damage.
You hit Erica.
Erica looks as sick as possible!
Erica is almost dead.
The gnoll hits you with a +0 whip.
* * * LOW HITPOINT WARNING * * *
Erica casts a spell at you. You resist with significant effort.
Unknown command.
Casting: Blink (safe; 1% risk of failure)
Confirm with . or Enter, or press ? or * to list all spells.
You miscast Blink.
You are very lightly contaminated with residual magic.
Nothing appears to happen.
You block the gnoll's attack. Erica misses you.
Casting: Blink (safe; 1% risk of failure)
Confirm with . or Enter, or press ? or * to list all spells.
You blink.
You block Erica's attack.
You feel stable enough to blink again. Erica misses you.
The gnoll barely misses you.
Erica points at you and mumbles some strange words.
The lance of force hits you!!
You die...

##..##.#....#...##
#.................
#.......#.........
#######...###.###...##
#...###...###.#####'##
#....#.....#.........#
#....#.....#.........#
#..g.#...>.#.........#
#..@.@.....#.........#
#....#(...##.###....##
############.#########
#...............
#...............
#...............
#...............
###########..##.##
##.####..###..#####


You could see Erica (invisible, very poisoned) and a gnoll.

Vanquished Creatures
  Prince Ribbit (D:6)
  Grinder (D:6)
  Eustachio (D:6)
  A sky beast (D:8)
  A hornet zombie (D:7)
  An orc warrior (D:6)
  3 necrophages
  A black bear (D:5)
  3 ice beasts
  4 ogres
  2 centaurs
  2 phantoms (D:5)
  Blork the orc (D:6)
  2 bullfrogs (D:7)
  A water moccasin zombie (D:6)
  6 scorpions
  A water moccasin skeleton (D:4)
  A howler monkey (D:6)
  A crimson imp (D:4)
  2 centaur zombies
  A hound (D:6)
  A jelly (D:5)
  3 orc priests
  3 bullfrog skeletons
  3 centaur skeletons
  An iguana (D:5)
  Jessica (D:2)
  4 orc wizards
  A killer bee zombie (D:7)
  Robin (D:2)
  6 gnolls
  8 adders
  A white imp (D:7)
  2 dart slugs
  20 orcs
  10 ball pythons
  7 bats
  4 endoplasms
  2 giant cockroaches
  17 goblins
  7 hobgoblins
  6 jackals
  2 quokkas (D:2)
  4 frilled lizards
  A goblin skeleton (D:4)
  3 goblin zombies (D:4)
  2 hobgoblin zombies (D:4)
  6 kobolds
  An orc skeleton (D:4)
  3 orc zombies (D:4)
  10 rats
177 creatures vanquished.

Notes
Turn   | Place    | Note
-------+----------+-------------------------------------------
     0 | D:1      | Ablot the Gnoll Warper began the quest for the Orb.
     0 | D:1      | Reached XP level 1. HP: 20/20 MP: 6/6
   111 | D:1      | Reached XP level 2. HP: 21/26 MP: 7/7
   123 | D:1      | Learned a level 2 spell: Blink
   857 | D:1      | Reached XP level 3. HP: 31/31 MP: 9/9
   914 | D:1      | Reached skill level 5 in Spellcasting
  1390 | D:1      | Found a faded altar of an unknown god.
  1471 | D:2      | Noticed Robin
  1805 | D:2      | Reached skill level 1 in Invocations
  1839 | D:2      | Noticed Jessica
  1851 | D:2      | Killed Jessica
  1852 | D:2      | Reached skill level 1 in Short Blades
  1852 | D:2      | Reached skill level 1 in Long Blades
  1852 | D:2      | Reached skill level 1 in Axes
  1852 | D:2      | Reached skill level 1 in Maces & Flails
  1852 | D:2      | Reached skill level 1 in Staves
  1852 | D:2      | Reached skill level 1 in Slings
  1852 | D:2      | Reached skill level 1 in Bows
  1852 | D:2      | Reached skill level 1 in Crossbows
  1852 | D:2      | Reached skill level 1 in Stealth
  1852 | D:2      | Reached skill level 1 in Shields
  1852 | D:2      | Reached skill level 1 in Unarmed Combat
  1852 | D:2      | Reached skill level 1 in Evocations
  1852 | D:2      | Reached XP level 4. HP: 20/38 MP: 11/11
  2230 | D:2      | Killed Robin
  2231 | D:2      | Reached skill level 1 in Conjurations
  2231 | D:2      | Reached skill level 1 in Hexes
  2231 | D:2      | Reached skill level 1 in Summonings
  2231 | D:2      | Reached skill level 1 in Necromancy
  2231 | D:2      | Reached skill level 1 in Transmutations
  2231 | D:2      | Reached skill level 1 in Fire Magic
  2231 | D:2      | Reached skill level 1 in Ice Magic
  2231 | D:2      | Reached skill level 1 in Air Magic
  2231 | D:2      | Reached skill level 1 in Earth Magic
  2231 | D:2      | Reached skill level 1 in Poison Magic
  3132 | D:3      | Found Yjoed Jem's Antique Armour Shoppe.
  3163 | D:3      | Reached XP level 5. HP: 25/43 MP: 12/12
  3254 | D:3      | Noticed an ogre
  3260 | D:3      | HP: 1/43 [ogre/+0 giant club (31)]
  3271 | D:3      | Killed an ogre
  3723 | D:3      | Found a radiant altar of Vehumet.
  3912 | D:3      | Reached XP level 6. HP: 50/50 MP: 13/13
  4297 | D:3      | Learned a level 1 spell: Animate Skeleton
  4344 | D:4      | Reached skill level 5 in Fighting
  4344 | D:4      | Reached skill level 5 in Polearms
  4344 | D:4      | Reached skill level 5 in Dodging
  4558 | D:4      | Found a glowing golden altar of the Shining One.
  4578 | D:4      | Became a worshipper of the Shining One
  4756 | D:4      | Reached XP level 7. HP: 32/56 MP: 15/15
  5024 | D:4      | Found a shimmering altar of Xom.
  5024 | D:4      | Found a shimmering altar of Xom.
  5024 | D:4      | Found a shimmering altar of Xom.
  5041 | D:4      | Found a shimmering altar of Xom.
  5041 | D:4      | Found a shimmering altar of Xom.
  5133 | D:4      | Found a hide-covered altar of Uskayaw.
  5232 | D:4      | Reached * piety under the Shining One
  5525 | D:5      | Entered Level 5 of the Dungeon
  5856 | D:5      | Reached XP level 8. HP: 57/63 MP: 16/16
  5974 | D:5      | Reached skill level 6 in Spellcasting
  6546 | D:5      | Found a sacrificial altar of Ru.
  6768 | D:5      | Reached ** piety under the Shining One
  7099 | D:5      | Found an ancient bone altar of Kikubaaqudgha.
  7273 | D:6      | Noticed Prince Ribbit
  7294 | D:6      | Killed Prince Ribbit
  7295 | D:6      | Reached XP level 9. HP: 28/69 MP: 18/18
  7642 | D:6      | Noticed Eustachio
  7804 | D:6      | Killed Eustachio
  7936 | D:6      | Noticed Blork the orc
  7952 | D:6      | Killed Blork the orc
  8436 | D:6      | Reached skill level 5 in Throwing
  8436 | D:6      | Reached skill level 5 in Armour
  8685 | D:6      | Noticed Grinder
  8696 | D:6      | Killed Grinder
  8711 | D:6      | Found an opulent altar of Gozag.
  8737 | D:6      | Found Cpygokh's Commerce Corner.
  8747 | D:6      | Bought a potion of curing for 33 gold pieces
  9383 | D:6      | Reached skill level 5 in Invocations
  9629 | D:7      | Found a staircase to the Ecumenical Temple.
  9636 | Temple   | Entered the Ecumenical Temple
 10134 | D:7      | Reached skill level 7 in Spellcasting
 10165 | D:7      | Reached XP level 10. HP: 59/77 MP: 20/20
 10507 | D:7      | Learned a level 2 spell: Wereblood
 11085 | D:8      | Noticed Erica
 11107 | D:7      | HP: 2/77 [gnoll/+0 whip (4)]
 11115 | D:7      | Killed from afar by Erica

Illustrated notes

Levels and vault maps discovered:
D:1:      elethiomel_arrival_infinity_welcomes_careful_drivers, layout_basic,
          shapermc_ecumenical_altar_mp_vishouse
D:2:      layout_loops_corners, uniq_robin, uniq_jessica
D:3:      layout_basic, nicolae_vehumet_altar_sigil, serial_shops, shop,
          wad_rectangle_vault
D:4:      layout_gridville, nicolae_uskayaw_murder_on_the_dancefloor,
          nicolae_tso_besieged_by_evil, xom_redecorated
D:5:      layout_basic, nicolae_ru_sacrificial_ziggurat, general_overflow_altar,
          serial_rivers, chequers_serial_rivers_large_b,
          chequers_serial_rivers_small_b, chequers_serial_rivers_micro_e,
          chequers_serial_rivers_small_3, kennysheep_dice
D:6:      layout_basic, grunt_gozag_breadcrumbs, corexii_leaking_fountain,
          nicolae_alphabet_shops, uniq_blork_the_orc, uniq_eustachio,
          uniq_grinder, uniq_prince_ribbit1
D:7:      layout_gridville, minmay_temple_entry_butterflies
D:8:      layout_cave_pools, serial_gnoll_camp, gnoll_camp_mini_hut,
          gnoll_camp_mini_shop, gnoll_camp_huts_moat, gnoll_camp_mini_shop,
          uniq_joseph, uniq_erica
Temple:   dpeg_chambers_temple

Skill      XL: |  1  2  3  4  5  6  7  8  9 10 |
---------------+-------------------------------+-----
Spellcasting   | 5 6 7 |  7.1
Invocations    | 1 2 3 4 5 |  5.4
Short Blades   | 1 2 3 4 |  4.9
Long Blades    | 1 2 3 4 |  4.9
Axes           | 1 2 3 4 |  4.9
Maces & Flails | 1 2 3 4 |  4.9
Staves         | 1 2 3 4 |  4.9
Slings         | 1 2 3 4 |  4.9
Bows           | 1 2 3 4 |  4.9
Crossbows      | 1 2 3 4 |  4.9
Stealth        | 1 2 3 4 |  4.9
Shields        | 1 2 3 4 |  4.9
Unarmed Combat | 1 2 3 4 |  4.9
Evocations     | 1 2 3 4 |  4.9
Conjurations   | 1 2 3 4 |  4.1
Hexes          | 1 2 3 4 |  4.1
Summonings     | 1 2 3 4 |  4.1
Necromancy     | 1 2 3 4 |  4.1
Transmutations | 1 2 3 4 |  4.1
Fire Magic     | 1 2 3 4 |  4.1
Ice Magic      | 1 2 3 4 |  4.1
Air Magic      | 1 2 3 4 |  4.1
Earth Magic    | 1 2 3 4 |  4.1
Poison Magic   | 1 2 3 4 |  4.1
Throwing       | 3 4 5 |  5.6
Armour         | 3 4 5 |  5.6
Fighting       | 5 6 |  6.8
Polearms       | 5 6 |  6.8
Dodging        | 5 6 |  6.8
Translocations | 6 |  6.9

Action                   |  1- 3 |  4- 6 |  7- 9 | 10-12 || total
-------------------------+-------+-------+-------+-------++-------
Melee: Mace              |    41 |       |       |       ||    41
       Spear             |     2 |    43 |     9 |       ||    54
       Bite              |     4 |    29 |    70 |    12 ||   115
       Punch             |     1 |     6 |    23 |       ||    30
       Dagger            |    41 |   170 |   387 |    58 ||   656
       Trident           |       |       |    15 |       ||    15
Throw: Boomerang         |       |     5 |    12 |       ||    17
       Dart              |       |       |       |     2 ||     2
 Cast: Blink             |       |       |     2 |     2 ||     4
  Use: Potion            |       |       |       |     1 ||     1
 Stab: Sleeping          |     1 |     3 |       |       ||     4
       Distracted        |       |     1 |       |       ||     1
Armor: Leather armour    |    29 |    57 |    91 |    18 ||   195
Dodge: Dodged            |    59 |   127 |   205 |    45 ||   436
Block: Buckler           |       |       |     8 |    28 ||    36
